 Dungeon Crawl Stone Soup version 0.29.1-13-g9f3cf754e1 (webtiles) character file.

Game seed: 18341024538652853033

4438 Thatpatchoflichen the Skirmisher (level 10, -1/102 HPs)
             Began as a Kobold Hunter on Jan 23, 2023.
             Was an Initiate of Ashenzari.
             Slain by an orc warrior
             ... wielding a +0 war axe of venom
              (7 damage)
             ... on level 8 of the Dungeon.
             The game lasted 00:43:53 (12156 turns).

Thatpatchoflichen the Skirmisher (Kobold Hunter)   Turns: 12156, Time: 00:43:54

Health: -1/102     AC: 25    Str:  9    XL:     10   Next: 63%
Magic:  19/19      EV:  3    Int: 10    God:    Ashenzari [......]
Gold:   507        SH:  0    Dex: 23    Spells: 9/9 levels left

rFire   . . .      SeeInvis .   a - +0 shortbow
rCold   . . .      Faith    .   (shield currently unavailable)
rNeg    . . .      Spirit   .   (body armour currently unavailable)
rPois   +          Reflect  .   (helmet currently unavailable)
rElec   .          Harm     .   (cloak currently unavailable)
rCorr   .          Rampage  .   (gloves currently unavailable)
Will    .....      NoTele   +   (boots currently unavailable)
Stlth   +++++.....              (no amulet)
HPRegen 0.27/turn               h - ring of magical power
MPRegen 0.16/turn               B - ring of wizardry

@: tree-form
A: stationary, stasis, torment immunity, boosted hp, small, no large weapons,
nightstalker 3
a: Renounce Religion, Curse Item


You were on level 8 of the Dungeon.
You worshipped Ashenzari.
Ashenzari was noncommittal.
You were a tree.
You visited 3 branches of the dungeon, and saw 11 of its levels.
You also visited: Sewer.

You collected 507 gold pieces.

Inventory:

Hand Weapons
 a - a +0 shortbow (weapon)
 i - a +1 dagger of chaos
 o - the +2 hammer of the Insatiable Songs {elec, rElec Will+}
   (You found it on level 2 of the Dungeon)

   It occasionally discharges a powerful burst of electricity upon striking a
   foe.
   rElec:     It insulates you from electricity.
   Will:      It increases your willpower.
 C - a +0 short sword of electrocution
 D - a +2 dagger of venom
 J - a +3 quarterstaff of chaos
 O - a +2 long sword of holy wrath
Missiles
 d - 20 poisoned darts (quivered)
 l - 2 throwing nets
 I - 2 curare-tipped darts
Armour
 c - a +0 leather armour (melded)
 n - a +0 pair of gloves (melded)
 p - a +0 pair of boots (melded)
 K - a +0 cloak (melded)
 P - a +2 kite shield
Jewellery
 h - a ring of magical power (left branch)
 B - a ring of wizardry (right branch)
 G - a ring of fire
Wands
 A - a wand of light (5)
 M - a wand of paralysis (5)
Scrolls
 b - 2 scrolls of immolation
 f - 2 scrolls of vulnerability {unknown}
 g - a scroll of magic mapping {unknown}
 j - 7 scrolls of teleportation
 q - 2 scrolls of fear {unknown}
 s - 2 scrolls of noise {unknown}
 t - 3 scrolls of enchant armour
 v - 2 scrolls of blinking {unknown}
 w - a scroll of enchant weapon {unknown}
 x - a scroll of fog {unknown}
 y - a scroll of amnesia {unknown}
 E - 2 scrolls of poison {unknown}
 H - a scroll of summoning {unknown}
 N - a scroll of identify
Potions
 e - a potion of degeneration {unknown}
 k - 2 potions of flight {unknown}
 r - 2 potions of resistance
 u - a potion of lignification
 z - 2 potions of might
 F - a potion of invisibility {unknown}
 Q - a potion of attraction {unknown}


   Skills:
 + Level 10.3 Fighting
 + Level 10.5 Ranged Weapons
 + Level 10.5 Dodging
 + Level 5.5 Stealth


You had 9 spell levels left.
You didn't know any spells.
Your spell library contained the following spells:

 Spells                   Type           Power      Damage    Failure   Level
 Gell's Gravitas          Tloc           0%         N/A       41%         3
 Teleport Other           Tloc           0%         N/A       41%         3
 Summon Forest            Summ/Tloc      0%         N/A       98%         5
 Summon Mana Viper        Hex/Summ       0%         N/A       98%         5
 Dispersal                Tloc           0%         N/A       100%        6
 Summon Cactus Giant      Summ           0%         N/A       100%        6


Dungeon Overview and Level Annotations

Branches:
Dungeon (9/15)             Temple (1/1) D:7            Lair (1/5) D:8
  Sewer (visited)
    Orc: D:9-12

Altars:
Ashenzari
Cheibriados
Dithmenos
Elyvilon
Fedhas
Hepliaklqana
Kikubaaqudgha
Makhleb
Nemelex Xobeh
Okawaru
Qazlal
Sif Muna
Trog
Vehumet
Wu Jian
Xom
Yredelemnul
The Shining One

Shops:
D:2 :?


Innate Abilities, Weirdness & Mutations

You are a tree.
Your roots penetrate the ground, keeping you stationary.
You cannot be teleported.
You are immune to unholy pain and torment.
Your maximum health is greatly increased.
Your equipment is partially melded.
You are small and have problems with some larger weapons.
You are completely attuned to the shadows.


Message History

The orc warrior hits you but does no damage.
You are more poisoned.
Fire: a) +0 shortbow
Press: ? - help, Q - select action, (/) - cycle Shift-Dir - straight line, f/p - orc warrior
Aim: an orc warrior, wielding a +0 war axe of venom and wearing a +2 plate armour of cold resistance (severely wounded, 72% to hit)
You shoot an arrow.
The arrow completely misses the orc warrior.
The arrow hits the orc priest but does no damage.
* * * LOW HITPOINT WARNING * * *
You feel very sick.
The orc priest looks satisfied for a moment.
The orc warrior hits you but does no damage.
Fire: a) +0 shortbow
Press: ? - help, Q - select action, (/) - cycle Shift-Dir - straight line, f/p - orc warrior
Aim: an orc warrior, wielding a +0 war axe of venom and wearing a +2 plate armour of cold resistance (severely wounded, 72% to hit)
You shoot an arrow. The arrow hits the orc warrior.
The orc warrior is severely wounded.
* * * LOW HITPOINT WARNING * * *
You feel sick.
The orc warrior hits you but does no damage.
You feel better.
The orc priest begins to cast a cantrip, but forgets the words!
The orc warrior hits you but does no damage.
Throw: 22 darts (poison)
Press: ? - help, Q - select action, (/) - cycle Shift-Dir - straight line, f/p - orc warrior
Aim: an orc warrior, wielding a +0 war axe of venom and wearing a +2 plate armour of cold resistance (severely wounded, 68% to hit)
You throw a poisoned dart. The poisoned dart hits the orc warrior.
The orc warrior is severely wounded.
The orc priest invokes the aid of Beogh against you.
Beogh smites you!
* * * LOW HITPOINT WARNING * * *
The orc warrior barely misses you.
Throw: 21 darts (poison)
Press: ? - help, Q - select action, (/) - cycle Shift-Dir - straight line, f/p - orc warrior
Aim: an orc warrior, wielding a +0 war axe of venom and wearing a +2 plate armour of cold resistance (severely wounded, 68% to hit)
You throw a poisoned dart. The poisoned dart hits the orc warrior.
The orc warrior is poisoned.
The orc warrior is severely wounded.
The orc warrior hits you with a +0 war axe of venom!
You die...

∩ #### .O ..# #.#
#.# ##.#####♣#
#.....##o#
#<.##.##o###
#..........### #
#...o....#...### #
#..##.####.....###
#
...##.##.........##
# #
#.#...........#.#
## .........)....#
#.


You could see an orc warrior (poisoned) and an orc priest.

Vanquished Creatures
  Sigmund (D:4)
  A wyvern (D:7)
  A steam dragon (D:8)
  Menkaure (D:5)
  The ghost of Dvallin the Sneak, an amateur KoDe (D:5)
  2 wargs (D:8)
  2 water moccasins (D:5)
  3 ice beasts
  A sky beast (D:6)
  An orc warrior (D:9)
  2 black bears
  2 ogres (D:7)
  A centaur (D:8)
  5 kobold brigands
  2 phantoms
  3 bullfrogs
  2 necrophages
  2 gnoll sergeants
  4 scorpions
  4 wights (D:6)
  A howler monkey (D:6)
  A crimson imp (D:5)
  A hound (D:6)
  A jelly (D:5)
  4 orc priests
  A water moccasin simulacrum (D:5)
  2 gnoll boudas (D:7)
  Crazy Yiuf (D:2)
  3 iguanas
  8 orc wizards
  2 scorpion simulacra (D:5)
  7 gnolls
  7 river rats (Sewer)
  9 adders
  A shadow imp (D:7)
  A white imp (D:5)
  2 ufetubi (D:5)
  2 worms
  2 dart slugs
  An adder simulacrum (D:5)
  33 orcs
  7 endoplasms
  6 giant cockroaches
  5 goblins
  8 hobgoblins
  3 jackals (D:1)
  30 kobolds
  6 quokkas
  9 ball pythons
  6 bats
  2 frilled lizards
  29 rats
242 creatures vanquished.

Vanquished Creatures (others)
  A necrophage (D:7)
  A scorpion (D:7)
  An orc priest (Lair:1)
  A white imp (D:7)
  2 plants (D:8)
  7 withered plants (D:7)
13 creatures vanquished.

Grand Total: 255 creatures vanquished

Notes
Turn   | Place    | Note
-------+----------+-------------------------------------------
     0 | D:1      | Thatpatchoflichen the Kobold Hunter began the quest for the
                  | Orb.
     0 | D:1      | Reached XP level 1. HP: 12/12 MP: 1/1
    72 | D:1      | Reached XP level 2. HP: 18/18 MP: 2/2
   437 | D:1      | Reached XP level 3. HP: 22/22 MP: 3/3
  1327 | D:2      | Identified the +2 hammer of the Insatiable Songs {elec,
                  | rElec Will+}
  1428 | D:2      | Found a runed translucent door.
  1431 | D:2      | Noticed Crazy Yiuf
  1624 | D:2      | Found Ninikh's Book Shoppe.
  1667 | D:2      | Found Lefamm's Magic Scroll Boutique.
  1735 | D:2      | Reached XP level 4. HP: 27/27 MP: 4/4
  2267 | D:3      | Noticed an ice beast
  2428 | D:3      | Found a faded altar of an unknown god.
  3043 | D:4      | Found a shadowy altar of Dithmenos.
  3070 | D:4      | Reached XP level 5. HP: 11/32 MP: 5/5
  3326 | D:4      | Noticed Sigmund
  3374 | D:5      | Entered Level 5 of the Dungeon
  3680 | D:5      | Noticed a water moccasin
  3709 | D:4      | Killed Sigmund
  3710 | D:4      | Reached skill level 5 in Dodging
  3710 | D:4      | Reached XP level 6. HP: 23/38 MP: 6/6
  3919 | D:6      | Noticed a sky beast
  4028 | D:5      | Found a runed translucent gate.
  4140 | D:6      | Reached XP level 7. HP: 3/44 MP: 7/7
  4341 | D:6      | Reached skill level 5 in Fighting
  4361 | D:6      | Found a glowing drain.
  4367 | Sewer    | Entered a sewer
  5577 | D:5      | Noticed a water moccasin
  5613 | D:5      | Killed a water moccasin
  5614 | D:5      | Reached XP level 8. HP: 23/52 MP: 8/8
  5856 | D:5      | Found a burning altar of Makhleb.
  5856 | D:5      | Found a shimmering altar of Xom.
  6305 | D:5      | Noticed Menkaure
  6483 | D:5      | Found a runed translucent gate.
  6483 | D:5      | Found a runed translucent gate.
  6540 | D:5      | Killed Menkaure
  6839 | D:5      | Noticed Dvallin's ghost (amateur KoDe)
  6950 | D:5      | Killed Dvallin's ghost
  6961 | D:5      | Reached XP level 9. HP: 36/58 MP: 9/9
  8285 | D:2      | Killed Crazy Yiuf
  8813 | D:6      | Found an ornate altar of the Wu Jian Council.
  8835 | D:6      | Found a broken altar of Ashenzari.
  8841 | D:6      | Became a worshipper of Ashenzari the Shackled
  9316 | D:7      | Reached XP level 10. HP: 32/66 MP: 10/10
  9754 | D:7      | Reached skill level 10 in Ranged Weapons
  9835 | D:7      | Found an ancient bone altar of Kikubaaqudgha.
  9861 | D:7      | Found a blossoming altar of Fedhas.
  9901 | D:7      | Reached skill level 10 in Dodging
  9985 | D:7      | Reached skill level 10 in Fighting
  9988 | D:7      | Found a sparkling altar of Nemelex Xobeh.
 10285 | D:7      | Found a staircase to the Ecumenical Temple.
 10293 | Temple   | Entered the Ecumenical Temple
 10661 | D:7      | Found a basalt altar of Yredelemnul.
 11033 | D:8      | Noticed a two-headed ogre
 11220 | D:9      | HP: 3/68 [orc warrior/silver boomerang (1)]
 11225 | D:9      | Reached skill level 5 in Stealth
 11666 | D:8      | Found a staircase to the Lair.
 11690 | Lair:1   | Entered Level 1 of the Lair of Beasts
 12156 | D:8      | Slain by an orc warrior

Illustrated notes

Levels and vault maps discovered:
D:1:      dpeg_arrival_connections, layout_loops_ring, minmay_hedge_maze
D:2:      layout_basic, serial_shops, nicolae_shop_hallway_plus, shop,
          uniq_crazy_yiuf_cottage
D:3:      layout_basic, shapermc_ecumenical_altar_notcrosses
D:4:      layout_rooms, nicolae_dithmenos_shadow_blocks, uniq_sigmund
D:5:      layout_loops_cross, grunt_temple_overflow_champion_of_chaos,
          gammafunk_ghost_icy, uniq_menkaure
D:6:      layout_loops_ring, jmf_multi_god_temple, portal_sewer_entry_f,
          minmay_fractal_squares_diagonal_5
D:7:      layout_basic, kennysheep_mini, kiku_gazebo_garden_becter,
          yredelemnul_altar_generic, lemuel_temple_firewalk_b,
          minmay_ruined_shrine
D:8:      cheibrodos_two_vegetables, layout_loops_cross,
          erik_lair_orcish_takeover, chequers_ossuary_entry_cave, uniq_psyche
D:9:      layout_stronghold, minitemple, kennysheep_little_box, serial_shops,
          shop_fountains, minmay_fractal_squares_5
Temple:   compressed_dpeg_triangle_lava_temple
Lair:1:   layout_misc_corridors, minivault_24, roderic_batcave,
          lemuel_fruit_fields, infiniplex_staircase_pool_2

Skill      XL: |  1  2  3  4  5  6  7  8  9 10 |
---------------+-------------------------------+-----
Stealth        | 2 3 4 5 |  5.5
Dodging        | 3 5 6 7 9 10 | 10.5
Fighting       | 3 4 6 7 9 10 | 10.3
Ranged Weapons | 6 8 9 10 | 10.5

Action                   |  1- 3 |  4- 6 |  7- 9 | 10-12 || total
-------------------------+-------+-------+-------+-------++-------
Melee: Dagger            |       |       |    17 |       ||    17
       Punch             |       |       |     1 |       ||     1
       Mace              |       |       |     3 |       ||     3
       Shortbow          |       |       |       |     4 ||     4
 Fire: Shortbow          |    86 |    90 |   486 |   237 ||   899
Throw: Dart              |       |       |       |     2 ||     2
  Use: Scroll            |       |       |     4 |     3 ||     7
       Potion            |       |       |     3 |     5 ||     8
Armor: Leather armour    |     8 |    11 |   120 |    35 ||   174
       Skin              |       |       |       |     6 ||     6
Dodge: Dodged            |    32 |    36 |   509 |   242 ||   819
